| TOP OF THE 1ST |
|
Oakland Athletics batting - Pitching for Seattle Mariners : RHP Jake Underhill
|
|
Pitching: RHP Jake Underhill
|
|
|
Batting: RHB Randy Shrewsbury
|
0-0: Swinging Strike 0-1: Foul Ball, location: 2F 0-2: Ground out 4-3 (Groundball, 4, EV 88.1 MPH)
|
|
Batting: LHB R.J. O'Brien
|
0-0: Ball 1-0: Ball 2-0: Foul Ball, location: 2F 2-1: Called Strike 2-2: Strikes out looking
|
|
Batting: LHB Bob Branham
|
0-0: Called Strike 0-1: Swinging Strike 0-2: Strikes out swinging
|
| Top of the 1st over - 0 runs, 0 hits, 0 errors, 0 left on base; Oakland 0 - Seattle 0 |
| BOTTOM OF THE 1ST |
|
Seattle Mariners batting - Pitching for Oakland Athletics : RHP Nick Kirk
|
|
Pitching: RHP Nick Kirk
|
|
|
Batting: LHB Jerrod Cluck
|
0-0: Ball 1-0: Ground out 4-3 (Groundball, 4, EV 86.2 MPH)
|
|
Batting: LHB Tommy Luce
|
0-0: SINGLE (Line Drive, 4D, EV 98.8 MPH)
|
|
Batting: RHB Pavpv Ivanushkin
|
0-0: Called Strike 0-1: Swinging Strike 0-2: SINGLE (Groundball, 6MD, EV 101.9 MPH) Tommy Luce to second
|
|
Batting: RHB Harutomi Matsubara
|
0-0: Foul Ball, location: 2F 0-1: Ball 1-1: Ball 2-1: Foul Ball, location: 2F 2-2: Foul Ball, location: 2F 2-2: Foul Ball, location: 2F 2-2: Ball 3-2: Base on Balls Tommy Luce to third Pavpv Ivanushkin to second
|
|
Batting: RHB Jimmy Hammertime
|
0-0: Foul Ball, location: 2F 0-1: Fly out, F9 (Line Drive, 9D, EV 95.6 MPH) Runner from 3rd tags up, SCORES, no throw by RF Pavpv Ivanushkin to third
|
|
Batting: SHB Ray Skogen
|
0-0: Ball 1-0: Ball 2-0: Ball 3-0: Called Strike 3-1: Called Strike 3-2: Base on Balls Harutomi Matsubara to second
|
|
Batting: RHB Rick Ellis
|
0-0: Called Strike 0-1: Swinging Strike 0-2: Ground out 6-3 (Groundball, 6MS, EV 65.0 MPH)
|
| Bottom of the 1st over - 1 run, 2 hits, 0 errors, 3 left on base; Oakland 0 - Seattle 1 |
| TOP OF THE 2ND |
|
Oakland Athletics batting - Pitching for Seattle Mariners : RHP Jake Underhill
|
|
Batting: RHB Muneo Kawachi
|
0-0: Ball 1-0: Foul Ball, location: 2F 1-1: Swinging Strike 1-2: Strikes out swinging
|
|
Batting: RHB Jorge Severiano
|
0-0: Ball 1-0: Fly out, F6 (Popup, 6S, EV 72.5 MPH)
|
|
Batting: LHB Tom Butterbaugh
|
0-0: Swinging Strike 0-1: Foul Ball, location: 2F 0-2: Ball 1-2: Ball 2-2: SINGLE (Groundball, 34D, EV 105.0 MPH)
|
|
Batting: LHB Jeff Luvisi
|
0-0: Foul Ball, location: 2F 0-1: Called Strike 0-2: Ball 1-2: Fly out, F9 (Flyball, 9, EV 73.1 MPH)
|
| Top of the 2nd over - 0 runs, 1 hit, 0 errors, 1 left on base; Oakland 0 - Seattle 1 |
| BOTTOM OF THE 2ND |
|
Seattle Mariners batting - Pitching for Oakland Athletics : RHP Nick Kirk
|
|
Batting: RHB Young-kwang Ohnn
|
0-0: Ball 1-0: Called Strike 1-1: Fly out, F8 (Flyball, 8RM, EV 88.8 MPH)
|
|
Batting: RHB Malik Brookshire
|
0-0: Foul Ball, location: 2F 0-1: Foul Ball, location: 2F 0-2: Foul Ball, location: 2F 0-2: Strikes out swinging
|
|
Batting: LHB Jerrod Cluck
|
0-0: Ball 1-0: Foul Ball, location: 2F 1-1: Ground out 6-3 (Groundball, 6, EV 103.1 MPH)
|
| Bottom of the 2nd over - 0 runs, 0 hits, 0 errors, 0 left on base; Oakland 0 - Seattle 1 |
| TOP OF THE 3RD |
|
Oakland Athletics batting - Pitching for Seattle Mariners : RHP Jake Underhill
|
|
Batting: LHB Juan Concepcion
|
0-0: Ball 1-0: Swinging Strike 1-1: Ground out 4-3 (Groundball, 34, EV 108.8 MPH)
|
|
Batting: SHB Ryan Langlois
|
0-0: Called Strike 0-1: Swinging Strike 0-2: Ball 1-2: Ball 2-2: Foul Ball, location: 2F 2-2: Foul Ball, location: 2F 2-2: Ball 3-2: Strikes out swinging
|
|
Batting: RHB Randy Shrewsbury
|
0-0: Ball 1-0: Ball 2-0: Ground out 4-3 (Groundball, 4, EV 104.4 MPH)
|
| Top of the 3rd over - 0 runs, 0 hits, 0 errors, 0 left on base; Oakland 0 - Seattle 1 |
| BOTTOM OF THE 3RD |
|
Seattle Mariners batting - Pitching for Oakland Athletics : RHP Nick Kirk
|
|
Batting: LHB Tommy Luce
|
0-0: Called Strike 0-1: Ball 1-1: Foul Ball, location: 2F 1-2: Strikes out swinging, 2-3 out at first.
|
|
Batting: RHB Pavpv Ivanushkin
|
0-0: Called Strike 0-1: Ball 1-1: Foul Ball, location: 2F 1-2: Strikes out looking
|
|
Batting: RHB Harutomi Matsubara
|
0-0: Swinging Strike 0-1: Swinging Strike 0-2: Fly out, F7 (Flyball, 7, EV 90.0 MPH)
|
| Bottom of the 3rd over - 0 runs, 0 hits, 0 errors, 0 left on base; Oakland 0 - Seattle 1 |
| TOP OF THE 4TH |
|
Oakland Athletics batting - Pitching for Seattle Mariners : RHP Jake Underhill
|
|
Batting: LHB R.J. O'Brien
|
0-0: Ball 1-0: Called Strike 1-1: Ball 2-1: Ball 3-1: Called Strike 3-2: Foul Ball, location: 2F 3-2: Strikes out looking
|
|
Batting: LHB Bob Branham
|
0-0: Fly out, F9 (Flyball, 9, EV 81.9 MPH)
|
|
Batting: RHB Muneo Kawachi
|
0-0: Ball 1-0: Called Strike 1-1: Called Strike 1-2: Foul Ball, location: 2F 1-2: Ball 2-2: Foul Ball, location: 2F 2-2: Strikes out swinging
|
| Top of the 4th over - 0 runs, 0 hits, 0 errors, 0 left on base; Oakland 0 - Seattle 1 |
| BOTTOM OF THE 4TH |
|
Seattle Mariners batting - Pitching for Oakland Athletics : RHP Nick Kirk
|
|
Batting: RHB Jimmy Hammertime
|
0-0: DOUBLE (Line Drive, 78M, EV 105.6 MPH)
|
|
Batting: SHB Ray Skogen
|
0-0: Ball 1-0: Ball 2-0: Swinging Strike 2-1: Foul Ball, location: 2F 2-2: Strikes out swinging
|
|
Batting: RHB Rick Ellis
|
0-0: Called Strike 0-1: Foul Ball, location: 2F 0-2: Strikes out looking
|
|
Batting: RHB Young-kwang Ohnn
|
0-0: Ball 1-0: Ball 2-0: Swinging Strike 2-1: Ball 3-1: 2-RUN HOME RUN (Flyball, 7D, EV 100.0 MPH), Distance : 369 ft
|
|
Batting: RHB Malik Brookshire
|
0-0: Fly out, F5 (Popup, 56, EV 64.4 MPH)
|
| Bottom of the 4th over - 2 runs, 2 hits, 0 errors, 0 left on base; Oakland 0 - Seattle 3 |
| TOP OF THE 5TH |
|
Oakland Athletics batting - Pitching for Seattle Mariners : RHP Jake Underhill
|
|
Batting: RHB Jorge Severiano
|
0-0: Ball 1-0: Ball 2-0: Called Strike 2-1: Foul Ball, location: 2F 2-2: Ball 3-2: Foul Ball, location: 2F 3-2: Strikes out swinging
|
|
Batting: LHB Tom Butterbaugh
|
0-0: Ball 1-0: Called Strike 1-1: Ball 2-1: Swinging Strike 2-2: Ball 3-2: Base on Balls
|
|
Batting: LHB Jeff Luvisi
|
0-0: Fly out, F8 (Flyball, 8RD, EV 90.0 MPH)
|
|
Batting: LHB Juan Concepcion
|
0-0: Ball 1-0: Called Strike 1-1: Ball 2-1: Ball 3-1: Called Strike 3-2: Fly out, F8 (Flyball, 8LXD, EV 109.4 MPH)
|
| Top of the 5th over - 0 runs, 0 hits, 0 errors, 1 left on base; Oakland 0 - Seattle 3 |
| BOTTOM OF THE 5TH |
|
Seattle Mariners batting - Pitching for Oakland Athletics : RHP Nick Kirk
|
|
Batting: LHB Jerrod Cluck
|
0-0: Ground out 4-3 (Groundball, 4S, EV 90.6 MPH)
|
|
Batting: LHB Tommy Luce
|
0-0: Fly out, F8 (Flyball, 8LD, EV 93.8 MPH)
|
|
Batting: RHB Pavpv Ivanushkin
|
0-0: Called Strike 0-1: Ball 1-1: Swinging Strike 1-2: Ball 2-2: Ball 3-2: Base on Balls
|
|
Batting: RHB Harutomi Matsubara
|
0-0: Fly out, F8 (Flyball, 8LD, EV 97.5 MPH)
|
| Bottom of the 5th over - 0 runs, 0 hits, 0 errors, 1 left on base; Oakland 0 - Seattle 3 |
| TOP OF THE 6TH |
|
Oakland Athletics batting - Pitching for Seattle Mariners : RHP Jake Underhill
|
|
Batting: SHB Ryan Langlois
|
0-0: Ball 1-0: Ball 2-0: Foul Ball, location: 2F 2-1: Foul Ball, location: 2F 2-2: Foul Ball, location: 2F 2-2: Ground out 5-3 (Groundball, 56S, EV 78.8 MPH)
|
|
Batting: RHB Randy Shrewsbury
|
0-0: Ball 1-0: SINGLE (Groundball, 56D, EV 89.4 MPH) (infield hit)
|
|
Batting: LHB R.J. O'Brien
|
0-0: Called Strike 0-1: Ball Randy Shrewsbury steals 2nd base 1-1: Ball Randy Shrewsbury is caught stealing 3rd base 2-5 2-1: Ball 3-1: Base on Balls
|
|
Batting: LHB Bob Branham
|
0-0: Called Strike 0-1: Ball 1-1: Foul Ball, location: 2F 1-2: Foul Ball, location: 2F 1-2: Fly out, F7 (Flyball, 7S, EV 95.0 MPH)
|
| Top of the 6th over - 0 runs, 1 hit, 0 errors, 1 left on base; Oakland 0 - Seattle 3 |
| BOTTOM OF THE 6TH |
|
Seattle Mariners batting - Pitching for Oakland Athletics : RHP Nick Kirk
|
|
Batting: RHB Jimmy Hammertime
|
0-0: Ball 1-0: Ball 2-0: Ground out 1-3 (Groundball, 13S, EV 69.4 MPH)
|
|
Batting: SHB Ray Skogen
|
0-0: Swinging Strike 0-1: Foul Ball, location: 2F 0-2: Ball 1-2: Strikes out looking
|
|
Batting: RHB Rick Ellis
|
0-0: Called Strike 0-1: Foul Ball, location: 2F 0-2: Foul Ball, location: 2F 0-2: Ball 1-2: Ball 2-2: Ball 3-2: Strikes out looking
|
| Bottom of the 6th over - 0 runs, 0 hits, 0 errors, 0 left on base; Oakland 0 - Seattle 3 |
| TOP OF THE 7TH |
|
Oakland Athletics batting - Pitching for Seattle Mariners : RHP Jake Underhill
|
|
Now at 3B: Rick Ellis
|
|
|
Now in LF: Jose Vasquez
|
|
|
Now in RF: Jerrod Cluck
|
|
|
Batting: RHB Muneo Kawachi
|
0-0: Ball 1-0: Ball 2-0: Called Strike 2-1: Called Strike 2-2: Foul Ball, location: 2F 2-2: Ball 3-2: Strikes out swinging
|
|
Pitching: RHP Willie Sanchez
|
|
|
Batting: RHB Jorge Severiano
|
0-0: Called Strike 0-1: Ball 1-1: Foul Ball, location: 2F 1-2: Ball 2-2: Strikes out swinging
|
|
Batting: LHB Tom Butterbaugh
|
0-0: Ball 1-0: Ball 2-0: Ball 3-0: Base on Balls
|
|
Batting: LHB Jeff Luvisi
|
0-0: Called Strike 0-1: Foul Ball, location: 2F 0-2: Strikes out swinging
|
| Top of the 7th over - 0 runs, 0 hits, 0 errors, 1 left on base; Oakland 0 - Seattle 3 |
| BOTTOM OF THE 7TH |
|
Seattle Mariners batting - Pitching for Oakland Athletics : RHP Nick Kirk
|
|
Batting: RHB Young-kwang Ohnn
|
0-0: Foul Ball, location: 2F 0-1: Ball 1-1: Foul Ball, location: 2F 1-2: Fly out, F7 (Flyball, 7LM, EV 90.0 MPH)
|
|
Batting: RHB Malik Brookshire
|
0-0: SINGLE (Groundball, P, EV 84.4 MPH) (infield hit)
|
|
Batting: LHB Jerrod Cluck
|
0-0: Swinging Strike 0-1: Ball 1-1: Called Strike 1-2: Fly out, F9 (Flyball, 9, EV 80.0 MPH)
|
|
Batting: LHB Tommy Luce
|
0-0: Ball 1-0: Ball 2-0: Ball 3-0: Base on Balls Malik Brookshire to second
|
|
Batting: RHB Pavpv Ivanushkin
|
0-0: Called Strike 0-1: Foul Ball, location: 2F 0-2: Strikes out swinging
|
| Bottom of the 7th over - 0 runs, 1 hit, 0 errors, 2 left on base; Oakland 0 - Seattle 3 |
| TOP OF THE 8TH |
|
Oakland Athletics batting - Pitching for Seattle Mariners : RHP Willie Sanchez
|
|
Batting: LHB Juan Concepcion
|
0-0: Ball 1-0: Foul Ball, location: 2F 1-1: Ground out 4-3 (Groundball, 34D, EV 111.9 MPH)
|
|
Batting: SHB Ryan Langlois
|
0-0: Ground out U3 (Groundball, 34S, EV 85.6 MPH)
|
|
Batting: RHB Randy Shrewsbury
|
0-0: Ball 1-0: Ball 2-0: SINGLE (Line Drive, 6D, EV 96.9 MPH)
|
|
Batting: LHB R.J. O'Brien
|
0-0: Ball 1-0: Ball 2-0: Foul Ball, location: 2F 2-1: Ball 3-1: Base on Balls Randy Shrewsbury to second
|
|
Batting: LHB Bob Branham
|
0-0: Ball 1-0: Ball 2-0: Ball 3-0: Called Strike 3-1: Ground out 4-3 (Groundball, 4D, EV 105.6 MPH)
|
| Top of the 8th over - 0 runs, 1 hit, 0 errors, 2 left on base; Oakland 0 - Seattle 3 |
| BOTTOM OF THE 8TH |
|
Seattle Mariners batting - Pitching for Oakland Athletics : RHP Nick Kirk
|
|
Batting: RHB Harutomi Matsubara
|
0-0: Ball 1-0: Foul Ball, location: 2F 1-1: Foul Ball, location: 2F 1-2: Strikes out looking
|
|
Batting: RHB Jose Vasquez
|
0-0: Fly out, F8 (Flyball, 8LXD, EV 76.9 MPH)
|
|
Batting: SHB Ray Skogen
|
0-0: Called Strike 0-1: Swinging Strike 0-2: Ball 1-2: DOUBLE (Line Drive, 78D, EV 109.4 MPH)
|
|
Pitching: RHP Elijah Everett
|
|
|
Batting: RHB Rick Ellis
|
0-0: Foul Ball, location: 2F 0-1: Foul Ball, location: 2F 0-2: Fly out, F8 (Flyball, 89M, EV 75.0 MPH)
|
| Bottom of the 8th over - 0 runs, 1 hit, 0 errors, 1 left on base; Oakland 0 - Seattle 3 |
| TOP OF THE 9TH |
|
Oakland Athletics batting - Pitching for Seattle Mariners : RHP Willie Sanchez
|
|
Pitching: RHP Justin Lee
|
|
|
Batting: RHB Muneo Kawachi
|
0-0: Ball 1-0: DOUBLE (Line Drive, 89D, EV 105.0 MPH)
|
|
Batting: RHB Jorge Severiano
|
0-0: Ball 1-0: Ball 2-0: SINGLE (Groundball, 56D, EV 106.9 MPH) Muneo Kawachi to third
|
|
Batting: LHB Tom Butterbaugh
|
0-0: Ball Wild Pitch! Muneo Kawachi scores Jorge Severiano to second 1-0: Ball 2-0: Ball 3-0: Ground out 6-3 (Groundball, 6M, EV 101.2 MPH) Jorge Severiano to third
|
|
Batting: LHB Jeff Luvisi
|
0-0: Called Strike 0-1: Ball 1-1: Foul Ball, location: 2F 1-2: Ball 2-2: Ground out U3 (Groundball, 34, EV 98.1 MPH) Jorge Severiano scores
|
|
Batting: LHB Juan Concepcion
|
0-0: Called Strike 0-1: Ball 1-1: Ball 2-1: Ball 3-1: Foul Ball, location: 2F 3-2: Strikes out looking
|
| Top of the 9th over - 2 runs, 2 hits, 0 errors, 0 left on base; Oakland 2 - Seattle 3 |
|